 Dungeon Crawl Stone Soup version 0.32-a0-683-ge26c5dbc97 (webtiles) character file.

Game seed: 15637286893083411512

116 IndexError the Grave Robber (level 5, -2/37 HPs)
             Began as a Gnoll Necromancer on Mar 12, 2024.
             Slain by an orc
             ... wielding a +0 hand axe
              (3 damage)
             ... on level 3 of the Dungeon.
             The game lasted 00:03:11 (2151 turns).

IndexError the Grave Robber (Gnoll Necromancer)     Turns: 2151, Time: 00:03:11

Health: -2/37      AC:  2    Str:  8    XL:     5   Next: 0%
Magic:  2/12       EV: 13    Int: 16    God:
Gold:   38         SH:  0    Dex: 12    Spells: 10/14 levels left

rFire   . . .        a - +6 club (spect)
rCold   . . .        (no shield)
rNeg    . . .        m - +0 robe
rPois   .            (no helmet)
rElec   .            (no cloak)
rCorr   .            (no gloves)
SInv    .            (no boots)
Will    .....        (no amulet)
Stlth   +++          (no ring)
HPRegen 0.26/turn    (no ring)
MPRegen 0.13/turn

%: no passive effects
@: no status effects
A: fangs 1, strong nose, distributed training
a: no special abilities


You were on level 3 of the Dungeon.
You visited 1 branch of the dungeon, and saw 3 of its levels.

You collected 38 gold pieces.

Inventory:

Hand Weapons
 a - a +6 spectral club (weapon)
   (You took it off Jessica on level 2 of the Dungeon)
 b - a +0 sling of flaming
   (You found it on level 2 of the Dungeon)
 h - a +1 whip of venom
   (You took it off a kobold on level 2 of the Dungeon)
Missiles
 f - 3 boomerangs
 p - 5 atropa-tipped darts
Armour
 m - a +0 robe (worn)
Magical Staves
 k - a staff of cold {rC+}
   (You found it on level 2 of the Dungeon)
Wands
 l - a wand of polymorph (4)
   (You took it off Jessica on level 2 of the Dungeon)
Scrolls
 c - a scroll of poison {unknown}
 e - a scroll of enchant armour {unknown}
 g - a scroll of torment {unknown}
 o - a scroll of noise {unknown}
 q - a scroll of identify {unknown}
Potions
 d - a potion of brilliance {unknown}
 i - 2 potions of mutation {unknown}
 j - a potion of ambrosia {unknown}
 n - a potion of magic


   Skills:
 + Level 1.3 Fighting
 + Level 1.3 Short Blades
 + Level 1.3 Long Blades
 + Level 1.3 Axes
 + Level 1.3 Maces & Flails
 + Level 1.3 Polearms
 + Level 1.3 Staves
 + Level 1.3 Ranged Weapons
 + Level 1.3 Throwing
 + Level 1.3 Armour
 + Level 4.7 Dodging
 + Level 4.3 Stealth
 + Level 1.3 Shields
 + Level 1.3 Unarmed Combat
 + Level 5.1 Spellcasting
 + Level 1.1 Conjurations
 + Level 1.1 Hexes
 + Level 1.1 Summonings
 + Level 7.1 Necromancy
 + Level 1.1 Translocations
 + Level 1.1 Fire Magic
 + Level 1.1 Ice Magic
 + Level 1.1 Air Magic
 + Level 1.1 Earth Magic
 + Level 1.1 Alchemy
 + Level 1.5 Invocations
 + Level 1.3 Evocations
 + Level 1.2 Shapeshifting


You had 10 spell levels left.
You knew the following spells:

 Your Spells              Type           Power      Damage    Failure   Level
a - Necrotise             Necr           100%       1d9       1%          1
x - Vampiric Draining     Necr           27%        2d7       2%          3

Your spell library contained the following spells:

 Spells                   Type           Power      Damage    Failure   Level
 Animate Dead             Necr           27%        N/A       8%          4
 Curse of Agony           Necr           27%        N/A       22%         5


Dungeon Overview and Level Annotations

Branches:
Dungeon (3/15)

Altars:
Ru

Shops:
D:1 (?


Innate Abilities, Weirdness & Mutations

You have very sharp teeth.
Your uncanny sense of smell can sniff out nearby items.
Your experience applies equally to all skills.


Message History

You now have 0/11 mp.
You are out of magic!
You hit the orc.
Your +6 spectral club closely misses the orc.
The bat closely misses your +6 spectral club.
The bat hits your orc skeleton. The orc hits you with a +0 hand axe.
The orc barely misses your +6 spectral club.
The orc barely misses your orc skeleton.
The orc hits you with a +0 club. The adder closely misses you.
Your orc skeleton hits the orc but does no damage.
You take 6 damage, and have 16/32 hp.
You are too injured to fight recklessly!
You are too injured to fight recklessly!
You are too injured to fight recklessly!
You swap places.
Your +6 spectral club disappears.
The adder attacks as it pursues you! The adder bites you.
The orc attacks as it pursues you! The orc barely misses you.
The orc closely misses you.
The orc hits your orc skeleton with a +0 hand axe.
Your orc skeleton hits the orc but does no damage.
The bat hits you but does no damage.
Items here: )) [[.
You take 2 damage, and have 14/32 hp.
The bat barely misses you.
Your adder skeleton bites the dart slug.
The orc hits your orc skeleton with a +0 hand axe!
The orc attacks as it pursues you! The orc misses you.
The dart slug barely misses your adder skeleton.
The adder misses you.
Your orc skeleton barely misses the dart slug.
Your adder skeleton bites the dart slug.
You sock the adder!
Your +6 spectral club closely misses the adder.
The bat barely misses you. The adder bites you but does no damage.
The adder barely misses you.
The orc hits your orc skeleton with a +0 hand axe.
The orc closely misses your adder skeleton.
The orc completely misses your orc skeleton.
The bat hits your +6 spectral club but does no damage.
You closely miss the adder.
Your +6 spectral club closely misses the adder.
The bat closely misses you. The bat hits you but does no damage.
The orc hits you with a +0 club.
Your adder skeleton bites the orc but does no damage.
Your orc skeleton hits the orc but does no damage.
The bat completely misses your +6 spectral club.
The adder bites you.
* * * LOW HITPOINT WARNING * * *
The orc hits your orc skeleton with a +0 hand axe.
The orc hits your adder skeleton with a +0 hand axe.
The orc hits your orc skeleton with a +0 hand axe.
The orc hits you but does no damage.
Your orc skeleton barely misses the orc.
You take 6 damage, and have 8/32 hp.
You hit the adder.
Your +6 spectral club hits the adder.
The bat barely misses you.
The bat hits your +6 spectral club but does no damage.
Your adder skeleton bites the orc.
Your orc skeleton hits the orc but does no damage.
The orc barely misses you.
Your +6 spectral club disappears.
Your orc skeleton closely misses the orc.
The orc hits your orc skeleton with a +0 hand axe. x2
The orc hits your adder skeleton with a +0 hand axe.
The orc hits you with a +0 club.
* * * LOW HITPOINT WARNING * * *
Your adder skeleton barely misses the orc.
The bat barely misses you.
You take 3 damage, and have 5/32 hp.
The bat attacks as it pursues you! The bat hits you.
* * * LOW HITPOINT WARNING * * *
The bat misses you.
Your orc skeleton hits the orc but does no damage.
You take 1 damage, and have 4/32 hp.
Your adder skeleton barely misses the orc.
You sock the orc!
Your orc skeleton crumbles into dust!
The bat completely misses you.
You have reached level 5!
The bat misses you.
You see here a +0 robe.
You hit the orc but do no damage.
Your +6 spectral club hits the orc but does no damage.
The bat misses you.
Your adder skeleton misses the bat.
The orc hits you with a +0 hand axe.
* * * LOW HITPOINT WARNING * * *
The orc hits your +6 spectral club but does no damage.
The bat hits your adder skeleton.
Your adder skeleton barely misses the bat.
You take 4 damage, and have 2/37 hp.
You completely miss the orc.
Your +6 spectral club hits the orc.
The bat hits you.
* * * LOW HITPOINT WARNING * * *
The bat misses your +6 spectral club.
The orc hits you with a +0 hand axe.
* * * LOW HITPOINT WARNING * * *
The orc completely misses your +6 spectral club.
The bat hits your +6 spectral club but does no damage.
The orc hits you with a +0 hand axe.
You die...

∆ ........!
.........
#+#....)...
#..)....... ∆∆
##.)........
#######...........
#<.#..............
#..#(oZ...........
#..#@b............
#.##..............
#.................
####..............
#...........) ∆
#........... ∆
...........
..........
..#......


You could see an orc (ally target), a bat (ally target), a friendly +6 spectral
club and a friendly adder skeleton.

Vanquished Creatures
  Jessica (D:2)
  3 adders (D:3)
  3 dart slugs
  5 orcs (D:3)
  5 ball pythons
  An endoplasm (D:2)
  A giant cockroach (D:1)
  6 goblins
  2 hobgoblins
  3 quokkas
  7 bats (D:1)
  3 frilled lizards
  5 kobolds
  5 rats
50 creatures vanquished.

Vanquished Creatures (collateral kills)
  A dart slug (D:3)
  A goblin (D:1)
2 creatures vanquished.

Grand Total: 52 creatures vanquished

Notes
Turn   | Place    | Note
-------+----------+-------------------------------------------
     0 | D:1      | IndexError the Gnoll Necromancer began the quest for the
                  | Orb.
     0 | D:1      | Reached XP level 1. HP: 13/13 MP: 6/6
   200 | D:1      | Reached XP level 2. HP: 19/19 MP: 4/7
   352 | D:1      | Found Koub's Magic Scroll Shoppe.
   355 | D:1      | Found Jibuc's Weapon Shoppe.
   915 | D:1      | Reached skill level 5 in Spellcasting
   915 | D:1      | Reached XP level 3. HP: 25/25 MP: 4/9
   975 | D:1      | Found a faded altar of an unknown god.
  1514 | D:2      | Reached skill level 1 in Invocations
  1583 | D:2      | Learned a level 3 spell: Vampiric Draining
  1680 | D:2      | Noticed Jessica
  1685 | D:2      | Killed Jessica
  1686 | D:2      | Reached skill level 1 in Fighting
  1686 | D:2      | Reached skill level 1 in Short Blades
  1686 | D:2      | Reached skill level 1 in Long Blades
  1686 | D:2      | Reached skill level 1 in Axes
  1686 | D:2      | Reached skill level 1 in Maces & Flails
  1686 | D:2      | Reached skill level 1 in Polearms
  1686 | D:2      | Reached skill level 1 in Staves
  1686 | D:2      | Reached skill level 1 in Ranged Weapons
  1686 | D:2      | Reached skill level 1 in Throwing
  1686 | D:2      | Reached skill level 1 in Armour
  1686 | D:2      | Reached skill level 1 in Shields
  1686 | D:2      | Reached skill level 1 in Unarmed Combat
  1686 | D:2      | Reached skill level 1 in Evocations
  1686 | D:2      | Reached skill level 1 in Shapeshifting
  1686 | D:2      | Reached XP level 4. HP: 32/32 MP: 8/11
  1729 | D:2      | Found a sacrificial altar of Ru.
  2064 | D:3      | Reached skill level 1 in Conjurations
  2064 | D:3      | Reached skill level 1 in Hexes
  2064 | D:3      | Reached skill level 1 in Summonings
  2064 | D:3      | Reached skill level 1 in Translocations
  2064 | D:3      | Reached skill level 1 in Fire Magic
  2064 | D:3      | Reached skill level 1 in Ice Magic
  2064 | D:3      | Reached skill level 1 in Air Magic
  2064 | D:3      | Reached skill level 1 in Earth Magic
  2064 | D:3      | Reached skill level 1 in Alchemy
  2143 | D:3      | HP: 8/32 [adder (3)]
  2149 | D:3      | Reached XP level 5. HP: 6/37 MP: 1/12
  2150 | D:3      | HP: 2/37 [orc/+0 hand axe (4)]
  2151 | D:3      | Slain by an orc

Illustrated notes

Levels and vault maps discovered:
D:1:      dpeg_arrival_fog, layout_loops_ring, serial_shops,
          nicolae_shop_competitors_out_of_business, shop,
          dreamdust_ecumenical_altar_hidden_monk_grotto, minmay_misc_feat_tower,
          minmay_door_square
D:2:      layout_rooms, basic_altar, uniq_jessica
D:3:      minmay_bubble_buster, layout_basic

Skill      XL: |  1  2  3  4 |
---------------+-------------+-----
Spellcasting   | 5 |  5.1
Invocations    | 1 |  1.5
Fighting       | 1 |  1.3
Short Blades   | 1 |  1.3
Long Blades    | 1 |  1.3
Axes           | 1 |  1.3
Maces & Flails | 1 |  1.3
Polearms       | 1 |  1.3
Staves         | 1 |  1.3
Ranged Weapons | 1 |  1.3
Throwing       | 1 |  1.3
Armour         | 1 |  1.3
Shields        | 1 |  1.3
Unarmed Combat | 1 |  1.3
Evocations     | 1 |  1.3
Shapeshifting  | 1 |  1.2
Conjurations   | 1 |  1.1
Hexes          | 1 |  1.1
Summonings     | 1 |  1.1
Translocations | 1 |  1.1
Fire Magic     | 1 |  1.1
Ice Magic      | 1 |  1.1
Air Magic      | 1 |  1.1
Earth Magic    | 1 |  1.1
Alchemy        | 1 |  1.1
Dodging        | |  4.7
Stealth        | |  4.3
Necromancy     | |  7.1

Action                     |  1- 3 |  4- 6 || total
---------------------------+-------+-------++-------
  Melee: Club              |       |     7 ||     7
   Cast: Necrotise         |    61 |    28 ||    89
 Armour: Robe              |     7 |    24 ||    31
  Dodge: Dodged            |     9 |    33 ||    42

Table legend: (Time is in decaauts)
 A = Elapsed time spent in this place.
 B = Non-inter-level travel time spent in this place.
 C = Inter-level travel time spent in this place.
 D = Time resting spent in this place.
 E = Time spent auto-exploring this place.
 F = Levels seen in this place.
 G = Mean time per level.
                   A        B        C        D        E       F      G
               +--------+--------+--------+--------+--------+-----+--------+
         Total |   2151 |   1914 |    237 |      0 |   1637 |   3 |  717.0 |
       Dungeon |   2151 |   1914 |    237 |      0 |   1637 |   3 |  717.0 |
               +--------+--------+--------+--------+--------+-----+--------+

Top non-repeatable levels by time:
     D:1: 1450 daAuts
     D:2: 653 daAuts
     D:3: 47 daAuts

Levels and vault maps discovered:
D:1:      dpeg_arrival_fog, layout_loops_ring, serial_shops,
          nicolae_shop_competitors_out_of_business, shop,
          dreamdust_ecumenical_altar_hidden_monk_grotto, minmay_misc_feat_tower,
          minmay_door_square
D:2:      layout_rooms, basic_altar, uniq_jessica
D:3:      minmay_bubble_buster, layout_basic

Table legend: (Time is in decaauts)
 A = Elapsed time spent in this place.
 B = Non-inter-level travel time spent in this place.
 C = Inter-level travel time spent in this place.
 D = Time resting spent in this place.
 E = Time spent auto-exploring this place.
 F = Levels seen in this place.
 G = Mean time per level.
                   A        B        C        D        E       F      G
               +--------+--------+--------+--------+--------+-----+--------+
         Total |   2151 |   1914 |    237 |      0 |   1637 |   3 |  717.0 |
       Dungeon |   2151 |   1914 |    237 |      0 |   1637 |   3 |  717.0 |
               +--------+--------+--------+--------+--------+-----+--------+

Top non-repeatable levels by time:
     D:1: 1450 daAuts
     D:2: 653 daAuts
     D:3: 47 daAuts

Table legend:
 A = Kills in this place as a percentage of kills in the entire game.
 B = Kills by you in this place as a percentage of kills by you in the entire game.
 C = Kills by friends in this place as a percentage of kills by friends in the entire game.
 D = Other kills in this place as a percentage of other kills in the entire game.
 E = Experience gained in this place as a percentage of experience gained in the entire game.
 F = Experience gained in this place divided by the number of levels of this place that you have seen.
                   A       B       C       D       E      F
               +-------+-------+-------+-------+-------+----------------------
         Total | 100.0 | 100.0 | 100.0 |   N/A | 100.0 |  55.3
       Dungeon | 100.0 | 100.0 | 100.0 |   N/A | 100.0 |  55.3
               +-------+-------+-------+-------+-------+----------------------
